Panthers vs Avalanche (R1)

Created - July 27, 2022 at 21:56

Goals
1 2 3 T
Panthers 1 3 2 6
Avalanche 1 1 0 2
Shots
1 2 3 T
Panthers 4 16 14 34
Avalanche 6 6 9 21

1st period

1. Avalanche , Charlie Coyle 5 (Ilya Kovalchuk 8, Tomas Fleischmann 4) at 2:07
2. Panthers , Daultan Leveillé 1 (Dany Heatley 4) at 19:36

Penalties :
Mikkel Boedker (Col) for Slashing (Double Minor) at 4:47, Bryan Little (Col) for Hooking (Minor) at 16:58

2nd period

3. Avalanche , Vincent Trocheck 4 (Evgeny Dadonov 4, Joel Edmundson 4) at 3:09
4. Panthers , Max Reinhart 4 (Erik Gudbranson 6, Jeremy Morin 4) at 4:56
5. Panthers , Jordan Eberle 5 (Matt Duchene 12) at 6:39 (PP)
6. Panthers , Matt Duchene 13 (Taylor Hall 14) at 8:54

Penalties :
Erik Karlsson (Col) for Holding (Minor) at 0:24, James Van Riemsdyk (Col) for Elbowing (Minor) at 6:38, Matt Duchene (Flo) for Hooking (Minor) at 9:28, Benoit Pouliot (Flo) for Hooking (Minor) at 13:38

3rd period

7. Panthers , Matt Duchene 14 (Jordan Eberle 7, Taylor Hall 15) at 10:16 (PP)
8. Panthers , Benoit Pouliot 5 (Nick Bjugstad 4) at 11:21 (PP)

Penalties :
Patric Hornqvist (Col) for Roughing (Minor) at 0:11, Marc Staal (Col) for Hooking (Minor) at 1:04, Erik Gudbranson (Flo) for Holding (Minor) at 1:18, Colten Teubert (Col) for Slashing (Minor) at 5:19, Mikkel Boedker (Col) for Holding (Minor) at 9:51, Erik Karlsson (Col) for Boarding (Major) at 10:40

Goalie Stats

Petr Mrazek (Flo), 19 saves from 21 shots - (0.905), W, 10-3-1, 60:00 minutes
Cam Ward (Col), 8 saves from 12 shots - (0.667), L, 6-3-0, 28:54 minutes
Semyon Varlamov (Col), 20 saves from 22 shots - (0.909), 31:06 minutes

Players Stats for Panthers

Player Name              G  A  P  +/- PIM S  H  SB GA TA FO     MP     PP MP  PK MP  
------------------------------------------------------------------------------------
Adam Larsson             0  0  0   0  0   3  2  1  2  0  0/0    24:42   6:32   2:29 
Anze Kopitar             0  0  0   0  0   3  3  0  0  0  4/13   19:17   6:36   2:13 
Benoit Pouliot           1  0  1   0  2   2  3  1  0  0  0/0    17:36   6:36   0:22 
Byron Bitz               0  0  0   1  0   0  1  0  0  0  1/2     9:46   1:47   0:00 
Dalton Prout             0  0  0   0  0   0  3  0  0  2  0/0    19:59   5:54   1:43 
Dan Hamhuis              0  0  0  -1  0   0  1  0  0  0  0/0    10:47   0:41   0:00 
Dany Heatley             0  1  1  -1  0   0  1  0  0  2  0/0     9:10   1:22   1:28 
Daultan Leveillé         1  0  1  -1  0   1  1  0  0  0  1/3     8:42   1:22   0:31 
Erik Gudbranson          0  1  1   2  2   3  2  2  0  0  0/0    27:29   9:14   2:15 
Jeremy Morin             0  1  1   1  0   0  0  1  0  0  0/0     7:59   0:00   0:00 
Jordan Eberle            1  1  2   1  0   4  2  0  0  0  1/3    24:43   8:09   1:44 
Josh Gorges              0  0  0  -1  0   0  3  2  0  1  0/0    12:00   1:42   1:43 
Kasperi Kapanen          0  0  0  -1  0   2  1  1  1  0  0/0     5:15   0:00   0:00 
Matt Duchene             2  1  3   1  2   5  4  0  1  0  24/38  22:42   8:30   0:00 
Max Reinhart             1  0  1   1  0   2  0  0  0  0  1/2     9:02   0:00   1:03 
Nick Bjugstad            0  1  1   0  0   2  1  0  1  0  0/0    16:32   6:32   0:00 
Oscar Klefbom            0  0  0   2  0   1  2  4  1  0  0/0    26:03   8:52   0:14 
Taylor Hall              0  2  2   1  0   6  1  0  1  0  1/2    22:16   8:30   1:03 

Players Stats for Avalanche

Player Name              G  A  P  +/- PIM S  H  SB GA TA FO     MP     PP MP  PK MP  
------------------------------------------------------------------------------------
Bryan Little             0  0  0  -1  2   1  0  0  0  1  9/24   18:26   1:32   2:13 
Charlie Coyle            1  0  1   1  0   1  2  1  0  0  12/21  19:28   1:51   8:06 
Colten Teubert           0  0  0   1  2   1  1  4  1  0  0/0    19:19   1:45   5:43 
Erik Karlsson            0  0  0  -1  7   2  0  1  0  0  0/0    17:28   2:27   0:44 
Evgeny Dadonov           0  1  1  -1  0   2  1  1  1  0  0/0     8:27   0:42   0:34 
Ilya Kovalchuk           0  1  1   1  0   1  3  0  0  0  1/1    19:28   1:51   8:03 
Jack Johnson             0  0  0  -1  0   0  4  1  0  0  0/0    28:15   2:13   9:41 
James Van Riemsdyk       0  0  0  -1  2   0  1  0  1  0  0/1    12:19   1:48   3:09 
Joel Edmundson           0  1  1   1  0   0  2  0  0  1  0/0    17:01   0:00   6:20 
Luke Witkowski           0  0  0   0  0   2  2  1  1  0  2/2    11:57   0:24   5:02 
Marc Staal               0  0  0  -1  2   2  2  1  0  2  0/0    25:17   1:45   8:47 
Martin Samuelsson        0  0  0   0  0   3  3  0  0  0  0/2    12:28   0:10   5:39 
Mattias Ekholm           0  0  0  -1  0   1  0  0  0  1  0/0    12:41   0:14   2:50 
Mikkel Boedker           0  0  0  -1  6   2  1  0  0  1  1/2    17:13   1:39   1:03 
Patric Hornqvist         0  0  0  -1  2   1  3  1  1  1  1/2    16:33   1:39   0:00 
Pavel Buchnevich         0  0  0   0  0   0  0  0  0  0  2/4     7:01   0:40   0:00 
Tomas Fleischmann        0  1  1   1  0   0  1  0  0  0  0/0     9:27   0:00   0:00 
Vincent Trocheck         1  0  1  -1  0   2  1  0  0  0  2/4     7:44   0:20   0:19 

3 Stars

1 - Matt Duchene (Flo)
2 - Jordan Eberle (Flo)
3 - Taylor Hall (Flo)

Power Play

Panthers - 3 on 11 Attempt(s) - 27.27%
Avalanche - 0 on 3 Attempt(s) - 0.00%

Penalty Kill

Panthers - 3 on 3 Attempt(s) - 100.00% - Score 0 goal in Penalty Kill
Avalanche - 8 on 11 Attempt(s) - 72.73% - Score 0 goal in Penalty Kill

Team Stat

Panthers - Hits : 31 - Faceoff Wins : 33 - Blocked Shots : 12 - Penalty Minutes : 6
Avalanche - Hits : 27 - Faceoff Wins : 30 - Blocked Shots : 11 - Penalty Minutes : 23

Official

Referees : Justin St. Pierre and Brandon Schrader
Linesman : David Brisebois and Tony Sericolo

Game Notes

Semyon Varlamov enters game at 8:54 of 2nd period

Finance

Level 1 -- Attendance: 6000 (100.00%) -- Ticket Income $600,000
Level 2 -- Attendance: 5000 (100.00%) -- Ticket Income $300,000
Level 3 -- Attendance: 2000 (100.00%) -- Ticket Income $70,000
Level 4 -- Attendance: 4000 (100.00%) -- Ticket Income $100,000
Luxury Box -- Attendance: 1000 (100.00%) -- Ticket Income $200,000
Game was played at the Pepsi Center.
Total Attendance: 18000 (100.00%)
Total Ticket Income: $1,270,000
Other Income: $190,500
Total Income: $1,460,500

Panthers

5 vs 5 Forward 
   Center                   Left Wing                Right Wing               Time % Phy DF OF 
 1 Matt Duchene             Taylor Hall              Jordan Eberle            50     0   2  3  
 2 Anze Kopitar             Benoit Pouliot           Nick Bjugstad            35     0   2  3  
 3 Max Reinhart             Jeremy Morin             Byron Bitz               10     1   2  2  
 4 Daultan Leveillé         Dany Heatley             Kasperi Kapanen          5      0   2  3  

5 vs 5 Defense 
   Defense                  Defense                                           Time % Phy DF OF 
 1 Erik Gudbranson          Oscar Klefbom                                     50     0   2  3  
 2 Adam Larsson             Dalton Prout                                      30     0   2  3  
 3 Josh Gorges              Dan Hamhuis                                       10     1   2  2  
 4 Erik Gudbranson          Oscar Klefbom                                     10     0   2  3  

PowerPlay Forward 
   Center                   Left Wing                Right Wing               Time % Phy DF OF 
 1 Matt Duchene             Taylor Hall              Jordan Eberle            60     0   1  4  
 2 Anze Kopitar             Benoit Pouliot           Nick Bjugstad            40     0   1  4  

PowerPlay Defense
   Defense                  Defense                                           Time % Phy DF OF 
 1 Erik Gudbranson          Oscar Klefbom                                     70     0   2  3  
 2 Adam Larsson             Dalton Prout                                      30     0   2  3  

Penalty Kill 4 Players Forward 
   Center                   Wing                     Time % Phy DF OF 
 1 Anze Kopitar             Jordan Eberle            60     0   4  1  
 2 Max Reinhart             Taylor Hall              40     0   4  1  

Penalty Kill 4 Players Defense
   Defense                  Defense                  Time % Phy DF OF 
 1 Erik Gudbranson          Adam Larsson             60     0   4  1  
 2 Dalton Prout             Josh Gorges              40     0   4  1  

Penalty Kill - 3 Players Forward 
   Forward                                           Time % Phy DF OF 
 1 Jordan Eberle                                     60     0   5  0  
 2 Anze Kopitar                                      40     0   5  0  

Penalty Kill - 3 Players Defense
   Defense                  Defense                  Time % Phy DF OF 
 1 Erik Gudbranson          Adam Larsson             60     0   5  0  
 2 Dalton Prout             Josh Gorges              40     0   5  0  

4 vs 4 Forward 
   Center                   Wing                     Time % Phy DF OF 
 1 Matt Duchene             Taylor Hall              60     0   2  3  
 2 Anze Kopitar             Jordan Eberle            40     0   2  3  

4 vs 4 Defense
   Defense                  Defense                  Time % Phy DF OF 
 1 Erik Gudbranson          Oscar Klefbom            60     0   2  3  
 2 Adam Larsson             Dalton Prout             40     1   2  2  

Last Minutes Offensive
   Center                   Left Wing                Right Wing               Defense                  Defense                  
   Matt Duchene             Taylor Hall              Jordan Eberle            Erik Gudbranson          Oscar Klefbom            

Last Minutes Defensive
   Center                   Left Wing                Right Wing               Defense                  Defense                  
   Anze Kopitar             Taylor Hall              Jordan Eberle            Erik Gudbranson          Adam Larsson             

Goaltenders
Starting : Petr Mrazek              
Backup : Tyler Weiman             

Extra Forwards
Normal : Jordan Eberle, Taylor Hall, Matt Duchene - PP : Anze Kopitar, Taylor Hall - PK : Dany Heatley
Extra Defensemen
Normal : Adam Larsson, Erik Gudbranson, Oscar Klefbom - PP : Josh Gorges - PK : Dalton Prout, Erik Gudbranson
Penalty Shots
Benoit Pouliot, Nick Bjugstad, Anze Kopitar, Taylor Hall, Jordan Eberle

Scratches
Andrej Sekera (Healthy), R.J. Umberger (Healthy)

Avalanche

5 vs 5 Forward 
   Center                   Left Wing                Right Wing               Time % Phy DF OF 
 1 Bryan Little             Mikkel Boedker           Patric Hornqvist         40     1   2  2  
 2 Charlie Coyle            Tomas Fleischmann        Ilya Kovalchuk           30     1   2  2  
 3 Vincent Trocheck         James Van Riemsdyk       Evgeny Dadonov           20     1   2  2  
 4 Pavel Buchnevich         Martin Samuelsson        Luke Witkowski           10     1   2  2  

5 vs 5 Defense 
   Defense                  Defense                                           Time % Phy DF OF 
 1 Jack Johnson             Marc Staal                                        40     1   2  2  
 2 Erik Karlsson            Colten Teubert                                    35     1   2  2  
 3 Joel Edmundson           Mattias Ekholm                                    25     1   2  2  
 4 Jack Johnson             Marc Staal                                        0      1   2  2  

PowerPlay Forward 
   Center                   Left Wing                Right Wing               Time % Phy DF OF 
 1 Bryan Little             Mikkel Boedker           Patric Hornqvist         60     1   2  2  
 2 Charlie Coyle            James Van Riemsdyk       Ilya Kovalchuk           40     1   2  2  

PowerPlay Defense
   Defense                  Defense                                           Time % Phy DF OF 
 1 Jack Johnson             Erik Karlsson                                     60     1   2  2  
 2 Marc Staal               Colten Teubert                                    40     1   2  2  

Penalty Kill 4 Players Forward 
   Center                   Wing                     Time % Phy DF OF 
 1 Charlie Coyle            Ilya Kovalchuk           60     1   2  2  
 2 Luke Witkowski           Martin Samuelsson        40     1   2  2  

Penalty Kill 4 Players Defense
   Defense                  Defense                  Time % Phy DF OF 
 1 Jack Johnson             Marc Staal               60     1   2  2  
 2 Joel Edmundson           Colten Teubert           40     1   2  2  

Penalty Kill - 3 Players Forward 
   Forward                                           Time % Phy DF OF 
 1 Mikkel Boedker                                    60     1   2  2  
 2 Patric Hornqvist                                  40     1   2  2  

Penalty Kill - 3 Players Defense
   Defense                  Defense                  Time % Phy DF OF 
 1 Jack Johnson             Marc Staal               60     1   2  2  
 2 Erik Karlsson            Colten Teubert           40     1   2  2  

4 vs 4 Forward 
   Center                   Wing                     Time % Phy DF OF 
 1 Mikkel Boedker           Patric Hornqvist         60     1   2  2  
 2 Bryan Little             Ilya Kovalchuk           40     1   2  2  

4 vs 4 Defense
   Defense                  Defense                  Time % Phy DF OF 
 1 Jack Johnson             Marc Staal               60     1   2  2  
 2 Erik Karlsson            Colten Teubert           40     1   2  2  

Last Minutes Offensive
   Center                   Left Wing                Right Wing               Defense                  Defense                  
   Bryan Little             Mikkel Boedker           Patric Hornqvist         Jack Johnson             Erik Karlsson            

Last Minutes Defensive
   Center                   Left Wing                Right Wing               Defense                  Defense                  
   Charlie Coyle            Mikkel Boedker           Luke Witkowski           Jack Johnson             Marc Staal               

Goaltenders
Starting : Cam Ward                 
Backup : Semyon Varlamov          

Extra Forwards
Normal : Pavel Buchnevich, Evgeny Dadonov, Martin Samuelsson - PP : Pavel Buchnevich, Evgeny Dadonov - PK : Martin Samuelsson
Extra Defensemen
Normal : Joel Edmundson, Mattias Ekholm, Erik Karlsson - PP : Joel Edmundson - PK : Mattias Ekholm, Erik Karlsson
Penalty Shots
Mikkel Boedker, Patric Hornqvist, Bryan Little, Ilya Kovalchuk, Charlie Coyle

Scratches
Kyle Turris (Healthy)

% Time on Ice - Panthers

Lines # - Real PCT - Wanted PCT - Time Play
Normal Forward
1 - 38% - 50% - 14:21
2 - 27% - 35% - 10:00
3 - 21% - 10% - 7:59
4 - 14% - 5% - 5:15
Normal Defense
1 - 47% - 50% - 17:30
2 - 31% - 30% - 11:41
3 - 22% - 10% - 8:24
4 - 0% - 10% - 0:00
PP Forward
1 - 59% - 60% - 9:43
2 - 41% - 40% - 6:45
PP Defense
1 - 64% - 70% - 10:34
2 - 36% - 30% - 5:54
PK Forward
1 - 75% - 60% - 3:09
2 - 25% - 40% - 1:03
PK Defense
1 - 59% - 60% - 2:29
2 - 41% - 40% - 1:43
PK3 Forward
1 - 0% - 60%
2 - 0% - 40%
PK3 Defense
1 - 0% - 60%
2 - 0% - 40%
44 Forward
1 - 88% - 60% - 1:32
2 - 12% - 40% - 0:13
44 Defense
1 - 100% - 60% - 1:45
2 - 0% - 40% - 0:00
Last Minute Offensive  - 0:00
Last Minute Defensive  - 0:00
Total
Forward - 60:00
Defense - 60:00

% Time on Ice - Avalanche

Lines # - Real PCT - Wanted PCT - Time Play
Normal Forward
1 - 39% - 40% - 14:31
2 - 27% - 30% - 10:06
3 - 19% - 20% - 7:03
4 - 16% - 10% - 5:55
Normal Defense
1 - 45% - 40% - 16:53
2 - 33% - 35% - 12:30
3 - 22% - 25% - 8:12
4 - 0% - 0% - 0:00
PP Forward
1 - 44% - 60% - 1:52
2 - 56% - 40% - 2:20
PP Defense
1 - 58% - 60% - 2:27
2 - 42% - 40% - 1:45
PK Forward
1 - 69% - 60% - 11:12
2 - 31% - 40% - 5:02
PK Defense
1 - 58% - 60% - 9:22
2 - 42% - 40% - 6:52
PK3 Forward
1 - 95% - 60% - 1:03
2 - 5% - 40% - 0:03
PK3 Defense
1 - 80% - 60% - 0:53
2 - 20% - 40% - 0:13
44 Forward
1 - 77% - 60% - 0:41
2 - 23% - 40% - 0:12
44 Defense
1 - 60% - 60% - 0:32
2 - 40% - 40% - 0:21
Last Minute Offensive  - 0:00
Last Minute Defensive  - 0:00
Total
Forward - 60:00
Defense - 60:00

Play-by-Play

1st period


0:01 of 1st period - Matt Duchene wins face-off versus Bryan Little in neutral zone.
0:51 of 1st period - Slapshot by Marc Staal.
0:51 of 1st period - Stopped by Petr Mrazek without a rebound.
0:52 of 1st period - Jordan Eberle wins face-off versus Vincent Trocheck in Panthers zone.
0:52 of 1st period - Jordan Eberle is hit by Evgeny Dadonov.
1:00 of 1st period - Colten Teubert is hit by Josh Gorges and loses puck.
1:11 of 1st period - Icing by Dan Hamhuis.
1:12 of 1st period - Matt Duchene wins face-off versus Pavel Buchnevich in Panthers zone.
1:49 of 1st period - Wrist shot by Patric Hornqvist.
1:49 of 1st period - Stopped by Petr Mrazek with a rebound.
2:05 of 1st period - Wrist shot by Ilya Kovalchuk.
2:05 of 1st period - Shot Misses the Net.
2:07 of 1st period - Snap shot by Charlie Coyle.
2:07 of 1st period - Goal by Charlie Coyle - Panthers : 0 - Avalanche : 1.
2:08 of 1st period - Anze Kopitar wins face-off versus Bryan Little in neutral zone.
2:35 of 1st period - Nick Bjugstad is hit by Vincent Trocheck and loses puck.
3:20 of 1st period - Snap shot by Jeremy Morin.
3:20 of 1st period - Shot Blocked by Luke Witkowski.
3:26 of 1st period - Adam Larsson is hit by Martin Samuelsson and loses puck.
3:55 of 1st period - Joel Edmundson is hit by Kasperi Kapanen and loses puck.
4:02 of 1st period - Patric Hornqvist is hit by Daultan Leveillé.
4:40 of 1st period - Slapshot by Erik Gudbranson.
4:40 of 1st period - Shot Misses the Net.
4:47 of 1st period - Double Minor Penalty to Mikkel Boedker for Slashing.
4:48 of 1st period - Charlie Coyle wins face-off versus Jordan Eberle in Avalanche zone.
4:56 of 1st period - Charlie Coyle is hit by Jordan Eberle and loses puck.
5:03 of 1st period - Wrist shot by Taylor Hall.
5:03 of 1st period - Stopped by Cam Ward without a rebound.
5:04 of 1st period - Ilya Kovalchuk wins face-off versus Matt Duchene in Avalanche zone.
5:50 of 1st period - Adam Larsson is hit by Ilya Kovalchuk and loses puck.
6:49 of 1st period - Oscar Klefbom is hit by Luke Witkowski and loses puck.
7:16 of 1st period - Jack Johnson is hit by Adam Larsson and loses puck.
8:47 of 1st period - Penalty to Mikkel Boedker is over, Mikkel Boedker is back on ice.
9:06 of 1st period - Snap shot by Patric Hornqvist.
9:06 of 1st period - Shot Blocked by Kasperi Kapanen.
9:24 of 1st period - Slapshot by Evgeny Dadonov.
9:24 of 1st period - Stopped by Petr Mrazek without a rebound.
9:25 of 1st period - Max Reinhart wins face-off versus James Van Riemsdyk in Panthers zone.
9:46 of 1st period - Jack Johnson is hit by Dalton Prout and loses puck.
10:07 of 1st period - Wrist shot by Ilya Kovalchuk.
10:07 of 1st period - Shot Misses the Net.
10:46 of 1st period - Taylor Hall is hit by Luke Witkowski and loses puck.
11:46 of 1st period - Jack Johnson is hit by Matt Duchene and loses puck.
12:08 of 1st period - Vincent Trocheck is hit by Adam Larsson and loses puck.
12:17 of 1st period - Slapshot by James Van Riemsdyk.
12:17 of 1st period - Shot Misses the Net.
12:19 of 1st period - Wrist shot by Evgeny Dadonov.
12:19 of 1st period - Shot Misses the Net.
13:11 of 1st period - Snap shot by Kasperi Kapanen.
13:11 of 1st period - Stopped by Cam Ward with a rebound.
13:17 of 1st period - Oscar Klefbom is hit by Ilya Kovalchuk.
13:34 of 1st period - Wrist shot by Evgeny Dadonov.
13:34 of 1st period - Stopped by Petr Mrazek with a rebound.
14:13 of 1st period - Byron Bitz is hit by Martin Samuelsson and loses puck.
14:47 of 1st period - Icing by Josh Gorges.
14:48 of 1st period - Charlie Coyle wins face-off versus Anze Kopitar in Panthers zone.
14:51 of 1st period - Wrist shot by Ilya Kovalchuk.
14:51 of 1st period - Shot Blocked by Benoit Pouliot.
15:05 of 1st period - Mattias Ekholm is hit by Anze Kopitar and loses puck.
15:12 of 1st period - Dan Hamhuis is hit by Charlie Coyle and loses puck.
15:40 of 1st period - Snap shot by Nick Bjugstad.
15:40 of 1st period - Stopped by Cam Ward without a rebound.
15:41 of 1st period - Matt Duchene wins face-off versus Bryan Little in Avalanche zone.
15:58 of 1st period - Adam Larsson is hit by Patric Hornqvist and loses puck.
16:19 of 1st period - Wrist shot by James Van Riemsdyk.
16:19 of 1st period - Shot Misses the Net.
16:32 of 1st period - Off-side.
16:33 of 1st period - Daultan Leveillé wins face-off versus Martin Samuelsson in neutral zone.
16:36 of 1st period - Slapshot by Erik Gudbranson.
16:36 of 1st period - Shot Misses the Net.
16:44 of 1st period - Wrist shot by Luke Witkowski.
16:44 of 1st period - Stopped by Petr Mrazek without a rebound.
16:45 of 1st period - Matt Duchene wins face-off versus Bryan Little in Panthers zone.
16:45 of 1st period - Matt Duchene is hit by Patric Hornqvist.
16:58 of 1st period - Minor Penalty to Bryan Little for Hooking.
16:59 of 1st period - Matt Duchene wins face-off versus Charlie Coyle in Avalanche zone.
18:06 of 1st period - Jordan Eberle is hit by Joel Edmundson.
18:10 of 1st period - Joel Edmundson is hit by Erik Gudbranson and loses puck.
18:58 of 1st period - Penalty to Bryan Little is over, Bryan Little is back on ice.
19:36 of 1st period - Snap shot by Daultan Leveillé.
19:36 of 1st period - Goal by Daultan Leveillé - Panthers : 1 - Avalanche : 1.
19:37 of 1st period - Taylor Hall wins face-off versus Bryan Little in neutral zone.
Goals for this period are 1 for Panthers vs 1 for Avalanche.
Shots for this period are 4 for Panthers vs 6 for Avalanche.

2nd period


0:01 of 2nd period - Charlie Coyle wins face-off versus Matt Duchene in neutral zone.
0:04 of 2nd period - Oscar Klefbom is hit by Marc Staal and loses puck.
0:17 of 2nd period - Wrist shot by Erik Gudbranson.
0:17 of 2nd period - Deflect By Matt Duchene.
0:17 of 2nd period - Shot Misses the Net.
0:17 of 2nd period - Puck is out of play.
0:18 of 2nd period - Bryan Little wins face-off versus Anze Kopitar in Avalanche zone.
0:18 of 2nd period - Erik Karlsson is hit by Oscar Klefbom and loses puck.
0:24 of 2nd period - Minor Penalty to Erik Karlsson for Holding.
0:25 of 2nd period - Matt Duchene wins face-off versus Charlie Coyle in Avalanche zone.
0:37 of 2nd period - Snap shot by Taylor Hall.
0:37 of 2nd period - Shot Misses the Net.
1:25 of 2nd period - Snap shot by Martin Samuelsson.
1:25 of 2nd period - Shot Misses the Net.
1:27 of 2nd period - Slapshot by Luke Witkowski.
1:27 of 2nd period - Deflect By Matt Duchene.
1:27 of 2nd period - Shot Misses the Net.
1:27 of 2nd period - Puck is out of play.
1:28 of 2nd period - Luke Witkowski wins face-off versus Matt Duchene in Panthers zone.
1:49 of 2nd period - Jack Johnson is hit by Benoit Pouliot and loses puck.
2:24 of 2nd period - Penalty to Erik Karlsson is over, Erik Karlsson is back on ice.
2:46 of 2nd period - Patric Hornqvist is hit by Byron Bitz and loses puck.
3:07 of 2nd period - Wrist shot by Evgeny Dadonov.
3:07 of 2nd period - Deflect By Vincent Trocheck.
3:07 of 2nd period - Stopped by Petr Mrazek with a rebound.
3:09 of 2nd period - Snap shot by Vincent Trocheck.
3:09 of 2nd period - Goal by Vincent Trocheck - Panthers : 1 - Avalanche : 2.
3:10 of 2nd period - Matt Duchene wins face-off versus Bryan Little in neutral zone.
3:10 of 2nd period - Erik Gudbranson is hit by Patric Hornqvist and loses puck.
3:18 of 2nd period - Icing by Oscar Klefbom.
3:19 of 2nd period - Bryan Little wins face-off versus Matt Duchene in Panthers zone.
3:20 of 2nd period - Wrist shot by Mikkel Boedker.
3:20 of 2nd period - Stopped by Petr Mrazek without a rebound.
3:21 of 2nd period - Matt Duchene wins face-off versus Charlie Coyle in Panthers zone.
3:40 of 2nd period - Tomas Fleischmann is hit by Matt Duchene and loses puck.
3:50 of 2nd period - Icing by Jordan Eberle.
3:51 of 2nd period - Anze Kopitar wins face-off versus Bryan Little in Panthers zone.
3:58 of 2nd period - Slapshot by Anze Kopitar.
3:58 of 2nd period - Shot Blocked by Colten Teubert.
4:00 of 2nd period - Slapshot by Adam Larsson.
4:00 of 2nd period - Stopped by Cam Ward without a rebound.
4:01 of 2nd period - Bryan Little wins face-off versus Matt Duchene in Avalanche zone.
4:30 of 2nd period - Wrist shot by Benoit Pouliot.
4:30 of 2nd period - Shot Blocked by Charlie Coyle.
4:38 of 2nd period - Backhand shot by Marc Staal.
4:38 of 2nd period - Shot Blocked by Erik Gudbranson.
4:54 of 2nd period - Slapshot by Erik Gudbranson.
4:54 of 2nd period - Stopped by Cam Ward with a rebound.
4:56 of 2nd period - Wrist shot by Max Reinhart.
4:56 of 2nd period - Goal by Max Reinhart - Panthers : 2 - Avalanche : 2.
4:57 of 2nd period - Matt Duchene wins face-off versus Bryan Little in neutral zone.
5:32 of 2nd period - Snap shot by Anze Kopitar.
5:32 of 2nd period - Shot Misses the Net.
5:34 of 2nd period - Wrist shot by Benoit Pouliot.
5:34 of 2nd period - Stopped by Cam Ward without a rebound.
5:35 of 2nd period - Bryan Little wins face-off versus Matt Duchene in Avalanche zone.
6:00 of 2nd period - Oscar Klefbom is hit by Tomas Fleischmann and loses puck.
6:11 of 2nd period - Slapshot by Erik Karlsson.
6:11 of 2nd period - Shot Blocked by Adam Larsson.
6:13 of 2nd period - Snap shot by Ilya Kovalchuk.
6:13 of 2nd period - Shot Misses the Net.
6:38 of 2nd period - Minor Penalty to James Van Riemsdyk for Elbowing.
6:39 of 2nd period - Matt Duchene wins face-off versus Charlie Coyle in Avalanche zone.
6:39 of 2nd period - Slapshot by Jordan Eberle.
6:39 of 2nd period - Goal by Jordan Eberle - Panthers : 3 - Avalanche : 2.
6:40 of 2nd period - Matt Duchene wins face-off versus Bryan Little in neutral zone.
6:45 of 2nd period - Slapshot by Mikkel Boedker.
6:45 of 2nd period - Shot Misses the Net.
7:11 of 2nd period - Slapshot by Erik Karlsson.
7:11 of 2nd period - Stopped by Petr Mrazek without a rebound.
7:12 of 2nd period - Charlie Coyle wins face-off versus Anze Kopitar in Panthers zone.
7:15 of 2nd period - Wrist shot by Tomas Fleischmann.
7:15 of 2nd period - Shot Misses the Net.
7:27 of 2nd period - Wrist shot by Nick Bjugstad.
7:27 of 2nd period - Shot Blocked by Colten Teubert.
7:29 of 2nd period - Snap shot by Anze Kopitar.
7:29 of 2nd period - Stopped by Cam Ward without a rebound.
7:30 of 2nd period - Matt Duchene wins face-off versus Bryan Little in Avalanche zone.
7:33 of 2nd period - Wrist shot by Jordan Eberle.
7:33 of 2nd period - Shot Misses the Net.
7:45 of 2nd period - Wrist shot by Mikkel Boedker.
7:45 of 2nd period - Shot Misses the Net.
7:47 of 2nd period - Wrist shot by Bryan Little.
7:47 of 2nd period - Shot Blocked by Oscar Klefbom.
7:57 of 2nd period - Anze Kopitar is hit by Charlie Coyle and loses puck.
8:50 of 2nd period - Slapshot by Kasperi Kapanen.
8:50 of 2nd period - Stopped by Cam Ward without a rebound.
8:51 of 2nd period - Matt Duchene wins face-off versus Bryan Little in Avalanche zone.
8:54 of 2nd period - Wrist shot by Matt Duchene.
8:54 of 2nd period - Goal by Matt Duchene - Panthers : 4 - Avalanche : 2.
8:54 of 2nd period - Semyon Varlamov enters game.
8:55 of 2nd period - Bryan Little wins face-off versus Matt Duchene in neutral zone.
8:58 of 2nd period - Slapshot by Marc Staal.
8:58 of 2nd period - Shot Misses the Net.
9:00 of 2nd period - Slapshot by Jack Johnson.
9:00 of 2nd period - Shot Misses the Net.
9:02 of 2nd period - Snap shot by Marc Staal.
9:02 of 2nd period - Shot Blocked by Oscar Klefbom.
9:04 of 2nd period - Wrist shot by Patric Hornqvist.
9:04 of 2nd period - Shot Misses the Net.
9:09 of 2nd period - Icing by Oscar Klefbom.
9:10 of 2nd period - Matt Duchene wins face-off versus Charlie Coyle in Panthers zone.
9:16 of 2nd period - Snap shot by Jordan Eberle.
9:16 of 2nd period - Stopped by Semyon Varlamov without a rebound.
9:17 of 2nd period - Matt Duchene wins face-off versus Charlie Coyle in Avalanche zone.
9:24 of 2nd period - Snap shot by Matt Duchene.
9:24 of 2nd period - Stopped by Semyon Varlamov with a rebound.
9:26 of 2nd period - Slapshot by Oscar Klefbom.
9:26 of 2nd period - Shot Misses the Net.
9:28 of 2nd period - Snap shot by Taylor Hall.
9:28 of 2nd period - Stopped by Semyon Varlamov without a rebound.
9:28 of 2nd period - Minor Penalty to Matt Duchene for Hooking.
9:29 of 2nd period - Bryan Little wins face-off versus Anze Kopitar in Panthers zone.
9:30 of 2nd period - Wrist shot by Mikkel Boedker.
9:30 of 2nd period - Shot Misses the Net.
9:32 of 2nd period - Slapshot by Erik Karlsson.
9:32 of 2nd period - Shot Blocked by Erik Gudbranson.
9:34 of 2nd period - Slapshot by Erik Karlsson.
9:34 of 2nd period - Deflect By Anze Kopitar.
9:34 of 2nd period - Stopped by Petr Mrazek with a rebound.
11:28 of 2nd period - Penalty to Matt Duchene is over, Matt Duchene is back on ice.
11:50 of 2nd period - Snap shot by Bryan Little.
11:50 of 2nd period - Shot Misses the Net.
12:23 of 2nd period - Wrist shot by Patric Hornqvist.
12:23 of 2nd period - Shot Misses the Net.
12:41 of 2nd period - Snap shot by Jordan Eberle.
12:41 of 2nd period - Shot Blocked by Erik Karlsson.
12:43 of 2nd period - Snap shot by Jordan Eberle.
12:43 of 2nd period - Shot Misses the Net.
12:45 of 2nd period - Slapshot by Adam Larsson.
12:45 of 2nd period - Shot Misses the Net.
12:57 of 2nd period - Slapshot by Jordan Eberle.
12:57 of 2nd period - Stopped by Semyon Varlamov without a rebound.
12:58 of 2nd period - Anze Kopitar wins face-off versus Charlie Coyle in Avalanche zone.
12:59 of 2nd period - Wrist shot by Benoit Pouliot.
12:59 of 2nd period - Deflect By Anze Kopitar.
12:59 of 2nd period - Shot Misses the Net.
12:59 of 2nd period - Puck is out of play.
13:00 of 2nd period - Charlie Coyle wins face-off versus Anze Kopitar in Avalanche zone.
13:33 of 2nd period - Wrist shot by Evgeny Dadonov.
13:33 of 2nd period - Deflect By Vincent Trocheck.
13:33 of 2nd period - Shot Blocked by Josh Gorges.
13:33 of 2nd period - Puck is out of play.
13:34 of 2nd period - Vincent Trocheck wins face-off versus Anze Kopitar in Panthers zone.
13:38 of 2nd period - Minor Penalty to Benoit Pouliot for Hooking.
13:39 of 2nd period - Anze Kopitar wins face-off versus Charlie Coyle in Panthers zone.
14:39 of 2nd period - Colten Teubert is hit by Josh Gorges and loses puck.
15:29 of 2nd period - Adam Larsson is hit by Martin Samuelsson.
15:38 of 2nd period - Penalty to Benoit Pouliot is over, Benoit Pouliot is back on ice.
15:45 of 2nd period - Martin Samuelsson is hit by Dan Hamhuis.
16:27 of 2nd period - Evgeny Dadonov is hit by Oscar Klefbom and loses puck.
16:39 of 2nd period - Icing by Joel Edmundson.
16:40 of 2nd period - Matt Duchene wins face-off versus Pavel Buchnevich in Avalanche zone.
16:43 of 2nd period - Wrist shot by Taylor Hall.
16:43 of 2nd period - Shot Misses the Net.
17:19 of 2nd period - Wrist shot by Anze Kopitar.
17:19 of 2nd period - Shot Misses the Net.
17:25 of 2nd period - Anze Kopitar is hit by Jack Johnson and loses puck.
17:37 of 2nd period - Off-side.
17:38 of 2nd period - Vincent Trocheck wins face-off versus Matt Duchene in neutral zone.
17:51 of 2nd period - Snap shot by Taylor Hall.
17:51 of 2nd period - Stopped by Semyon Varlamov without a rebound.
17:52 of 2nd period - Matt Duchene wins face-off versus Bryan Little in Avalanche zone.
17:59 of 2nd period - Wrist shot by Matt Duchene.
17:59 of 2nd period - Stopped by Semyon Varlamov without a rebound.
18:00 of 2nd period - Matt Duchene wins face-off versus Bryan Little in Avalanche zone.
18:09 of 2nd period - Wrist shot by Jordan Eberle.
18:09 of 2nd period - Stopped by Semyon Varlamov without a rebound.
18:10 of 2nd period - Bryan Little wins face-off versus Matt Duchene in Avalanche zone.
18:37 of 2nd period - Tomas Fleischmann is hit by Nick Bjugstad and loses puck.
19:03 of 2nd period - Slapshot by Erik Gudbranson.
19:03 of 2nd period - Shot Blocked by Jack Johnson.
19:05 of 2nd period - Wrist shot by Byron Bitz.
19:05 of 2nd period - Shot Misses the Net.
19:07 of 2nd period - Slapshot by Byron Bitz.
19:07 of 2nd period - Shot Misses the Net.
19:09 of 2nd period - Wrist shot by Max Reinhart.
19:09 of 2nd period - Shot Blocked by Evgeny Dadonov.
19:11 of 2nd period - Wrist shot by Max Reinhart.
19:11 of 2nd period - Stopped by Semyon Varlamov with a rebound.
19:33 of 2nd period - Jordan Eberle is hit by Jack Johnson and loses puck.
19:47 of 2nd period - Icing by Colten Teubert.
19:48 of 2nd period - Charlie Coyle wins face-off versus Daultan Leveillé in Avalanche zone.
19:48 of 2nd period - Colten Teubert is hit by Josh Gorges and loses puck.
19:59 of 2nd period - Snap shot by Ilya Kovalchuk.
19:59 of 2nd period - Stopped by Petr Mrazek with a rebound.
Goals for this period are 3 for Panthers vs 1 for Avalanche.
Shots for this period are 16 for Panthers vs 6 for Avalanche.

3rd period


0:01 of 3rd period - Matt Duchene wins face-off versus Bryan Little in neutral zone.
0:11 of 3rd period - Minor Penalty to Patric Hornqvist for Roughing.
0:12 of 3rd period - Charlie Coyle wins face-off versus Matt Duchene in Avalanche zone.
0:44 of 3rd period - Snap shot by Jack Johnson.
0:44 of 3rd period - Shot Blocked by Oscar Klefbom.
0:50 of 3rd period - Backhand shot by Martin Samuelsson.
0:50 of 3rd period - Stopped by Petr Mrazek without a rebound.
0:51 of 3rd period - Luke Witkowski wins face-off versus Anze Kopitar in Panthers zone.
1:01 of 3rd period - Slapshot by Anze Kopitar.
1:01 of 3rd period - Stopped by Semyon Varlamov without a rebound.
1:02 of 3rd period - Charlie Coyle wins face-off versus Matt Duchene in Avalanche zone.
1:04 of 3rd period - Minor Penalty to Marc Staal for Hooking.
1:05 of 3rd period - Mikkel Boedker wins face-off versus Jordan Eberle in Avalanche zone.
1:05 of 3rd period - Mikkel Boedker is hit by Matt Duchene.
1:18 of 3rd period - Minor Penalty to Erik Gudbranson for Holding.
1:19 of 3rd period - Matt Duchene wins face-off versus Mikkel Boedker in Panthers zone.
1:32 of 3rd period - Snap shot by Taylor Hall.
1:32 of 3rd period - Stopped by Semyon Varlamov with a rebound.
2:04 of 3rd period - Mikkel Boedker is hit by Jordan Eberle and loses puck.
2:11 of 3rd period - Penalty to Patric Hornqvist is over, Patric Hornqvist is back on ice.
2:21 of 3rd period - Slapshot by Patric Hornqvist.
2:21 of 3rd period - Shot Misses the Net.
2:37 of 3rd period - Pavel Buchnevich is hit by Anze Kopitar.
3:04 of 3rd period - Penalty to Marc Staal is over, Marc Staal is back on ice.
3:16 of 3rd period - Slapshot by Mattias Ekholm.
3:16 of 3rd period - Stopped by Petr Mrazek with a rebound.
3:18 of 3rd period - Penalty to Erik Gudbranson is over, Erik Gudbranson is back on ice.
3:22 of 3rd period - Slapshot by Erik Gudbranson.
3:22 of 3rd period - Stopped by Semyon Varlamov with a rebound.
3:40 of 3rd period - Snap shot by Jordan Eberle.
3:40 of 3rd period - Shot Misses the Net.
3:42 of 3rd period - Wrist shot by Dany Heatley.
3:42 of 3rd period - Shot Misses the Net.
3:44 of 3rd period - Slapshot by Adam Larsson.
3:44 of 3rd period - Stopped by Semyon Varlamov with a rebound.
3:46 of 3rd period - Slapshot by Adam Larsson.
3:46 of 3rd period - Shot Misses the Net.
3:48 of 3rd period - Slapshot by Adam Larsson.
3:48 of 3rd period - Deflect By Erik Karlsson.
3:48 of 3rd period - Stopped by Semyon Varlamov with a rebound.
4:04 of 3rd period - Wrist shot by Jordan Eberle.
4:04 of 3rd period - Shot Hit the Post.
4:18 of 3rd period - Snap shot by Erik Gudbranson.
4:18 of 3rd period - Stopped by Semyon Varlamov without a rebound.
4:19 of 3rd period - Bryan Little wins face-off versus Anze Kopitar in Avalanche zone.
4:19 of 3rd period - Bryan Little is hit by Benoit Pouliot.
4:51 of 3rd period - Byron Bitz is hit by Ilya Kovalchuk and loses puck.
5:00 of 3rd period - Dan Hamhuis is hit by Jack Johnson.
5:19 of 3rd period - Minor Penalty to Colten Teubert for Slashing.
5:20 of 3rd period - Charlie Coyle wins face-off versus Anze Kopitar in Avalanche zone.
7:19 of 3rd period - Penalty to Colten Teubert is over, Colten Teubert is back on ice.
7:27 of 3rd period - Snap shot by Colten Teubert.
7:27 of 3rd period - Stopped by Petr Mrazek with a rebound.
7:31 of 3rd period - Wrist shot by Martin Samuelsson.
7:31 of 3rd period - Shot Misses the Net.
7:47 of 3rd period - Snap shot by Luke Witkowski.
7:47 of 3rd period - Stopped by Petr Mrazek without a rebound.
7:48 of 3rd period - Byron Bitz wins face-off versus Patric Hornqvist in Panthers zone.
7:48 of 3rd period - Byron Bitz is hit by Mikkel Boedker.
8:02 of 3rd period - Byron Bitz is hit by Marc Staal and loses puck.
8:19 of 3rd period - Wrist shot by Charlie Coyle.
8:19 of 3rd period - Shot Misses the Net.
8:29 of 3rd period - Marc Staal is hit by Anze Kopitar and loses puck.
8:52 of 3rd period - Marc Staal is hit by Erik Gudbranson and loses puck.
9:04 of 3rd period - Off-side.
9:05 of 3rd period - Pavel Buchnevich wins face-off versus Byron Bitz in neutral zone.
9:08 of 3rd period - Snap shot by Martin Samuelsson.
9:08 of 3rd period - Shot Blocked by Jeremy Morin.
9:43 of 3rd period - Slapshot by Mikkel Boedker.
9:43 of 3rd period - Shot Misses the Net.
9:51 of 3rd period - Minor Penalty to Mikkel Boedker for Holding.
9:52 of 3rd period - Charlie Coyle wins face-off versus Matt Duchene in Avalanche zone.
9:52 of 3rd period - Charlie Coyle is hit by Taylor Hall.
10:06 of 3rd period - Snap shot by Taylor Hall.
10:06 of 3rd period - Stopped by Semyon Varlamov without a rebound.
10:07 of 3rd period - Matt Duchene wins face-off versus Charlie Coyle in Avalanche zone.
10:16 of 3rd period - Slapshot by Matt Duchene.
10:16 of 3rd period - Goal by Matt Duchene - Panthers : 5 - Avalanche : 2.
10:17 of 3rd period - Patric Hornqvist wins face-off versus Matt Duchene in neutral zone.
10:24 of 3rd period - Snap shot by Mikkel Boedker.
10:24 of 3rd period - Stopped by Petr Mrazek with a rebound.
10:40 of 3rd period - Major Penalty to Erik Karlsson for Boarding.
10:41 of 3rd period - Charlie Coyle wins face-off versus Matt Duchene in Avalanche zone.
11:16 of 3rd period - Luke Witkowski is hit by Dalton Prout and loses puck.
11:21 of 3rd period - Slapshot by Benoit Pouliot.
11:21 of 3rd period - Goal by Benoit Pouliot - Panthers : 6 - Avalanche : 2.
11:22 of 3rd period - Charlie Coyle wins face-off versus Taylor Hall in neutral zone.
11:33 of 3rd period - Slapshot by Charlie Coyle.
11:33 of 3rd period - Shot Misses the Net.
13:25 of 3rd period - Luke Witkowski is hit by Benoit Pouliot and loses puck.
13:42 of 3rd period - Snap shot by Benoit Pouliot.
13:42 of 3rd period - Shot Blocked by Marc Staal.
13:44 of 3rd period - Slapshot by Dalton Prout.
13:44 of 3rd period - Shot Misses the Net.
13:48 of 3rd period - Slapshot by Anze Kopitar.
13:48 of 3rd period - Stopped by Semyon Varlamov without a rebound.
13:49 of 3rd period - Matt Duchene wins face-off versus Martin Samuelsson in Avalanche zone.
13:56 of 3rd period - Wrist shot by Taylor Hall.
13:56 of 3rd period - Stopped by Semyon Varlamov with a rebound.
13:58 of 3rd period - Backhand shot by Oscar Klefbom.
13:58 of 3rd period - Stopped by Semyon Varlamov with a rebound.
14:00 of 3rd period - Slapshot by Oscar Klefbom.
14:00 of 3rd period - Shot Blocked by Colten Teubert.
14:02 of 3rd period - Wrist shot by Matt Duchene.
14:02 of 3rd period - Stopped by Semyon Varlamov with a rebound.
14:12 of 3rd period - Taylor Hall is hit by James Van Riemsdyk and loses puck.
14:40 of 3rd period - Ilya Kovalchuk is hit by Dalton Prout and loses puck.
15:19 of 3rd period - Off-side.
15:20 of 3rd period - Bryan Little wins face-off versus Daultan Leveillé in neutral zone.
15:25 of 3rd period - James Van Riemsdyk is hit by Dany Heatley and loses puck.
15:40 of 3rd period - Penalty to Erik Karlsson is over, Erik Karlsson is back on ice.
15:46 of 3rd period - Wrist shot by Martin Samuelsson.
15:46 of 3rd period - Stopped by Petr Mrazek without a rebound.
15:47 of 3rd period - Pavel Buchnevich wins face-off versus Max Reinhart in Panthers zone.
15:48 of 3rd period - Snap shot by Martin Samuelsson.
15:48 of 3rd period - Shot Misses the Net.
15:50 of 3rd period - Wrist shot by Luke Witkowski.
15:50 of 3rd period - Shot Misses the Net.
15:52 of 3rd period - Slapshot by Marc Staal.
15:52 of 3rd period - Shot Blocked by Oscar Klefbom.
15:58 of 3rd period - Wrist shot by Luke Witkowski.
15:58 of 3rd period - Shot Misses the Net.
16:00 of 3rd period - Slapshot by Martin Samuelsson.
16:00 of 3rd period - Stopped by Petr Mrazek with a rebound.
16:02 of 3rd period - Snap shot by Marc Staal.
16:02 of 3rd period - Stopped by Petr Mrazek with a rebound.
16:14 of 3rd period - Marc Staal is hit by Matt Duchene and loses puck.
16:47 of 3rd period - Snap shot by Nick Bjugstad.
16:47 of 3rd period - Stopped by Semyon Varlamov without a rebound.
16:48 of 3rd period - Matt Duchene wins face-off versus Vincent Trocheck in Avalanche zone.
16:51 of 3rd period - Wrist shot by Taylor Hall.
16:51 of 3rd period - Shot Misses the Net.
16:59 of 3rd period - Matt Duchene is hit by Colten Teubert.
17:17 of 3rd period - Slapshot by Anze Kopitar.
17:17 of 3rd period - Shot Blocked by Colten Teubert.
17:25 of 3rd period - Wrist shot by Mikkel Boedker.
17:25 of 3rd period - Shot Blocked by Josh Gorges.
18:03 of 3rd period - Snap shot by Dany Heatley.
18:03 of 3rd period - Shot Misses the Net.
18:13 of 3rd period - Jordan Eberle is hit by Joel Edmundson and loses puck.
18:39 of 3rd period - Adam Larsson is hit by Jack Johnson and loses puck.
19:24 of 3rd period - Snap shot by Max Reinhart.
19:24 of 3rd period - Shot Misses the Net.
19:46 of 3rd period - Wrist shot by Bryan Little.
19:46 of 3rd period - Stopped by Petr Mrazek without a rebound.
19:47 of 3rd period - Matt Duchene wins face-off versus Bryan Little in Panthers zone.
19:56 of 3rd period - Slapshot by Oscar Klefbom.
19:56 of 3rd period - Shot Blocked by Patric Hornqvist.
Goals for this period are 2 for Panthers vs 0 for Avalanche.
Shots for this period are 14 for Panthers vs 9 for Avalanche.